 Dungeon Crawl Stone Soup version 0.29.0-11-gd7f09526c8 (webtiles) character file.

Game seed: 4298399124669963866

96119 Ordine the Bludgeoner (level 16, -9/102 HPs)
             Began as a Gargoyle Fighter on Sept 6, 2022.
             Was a High Priest of Okawaru.
             Killed by divine providence
             ... invoked by a meliai
              (12 damage)
             ... on level 12 of the Dungeon.
             The game lasted 01:02:04 (24845 turns).

Ordine the Bludgeoner (Gargoyle Fighter)           Turns: 24845, Time: 01:02:04

Health: -9/102     AC: 31    Str: 31    XL:     16   Next: 16%
Magic:  32/32      EV: 12    Int: 10    God:    Okawaru [*****.]
Gold:   688        SH:  6    Dex:  9    Spells: 15/15 levels left

rFire   + . .      SeeInvis +   I - +4 flail (protect)
rCold   + . .      Faith    .   c - +0 buckler
rNeg    + + .      Spirit   .   e - +4 ring mail "Diud" {MP+9 Str-2 Slay+6 SInv}
rPois   ∞          Reflect  .   T - +0 helmet
rElec   +          Harm     .   Z - scarf {rC+ rF+}
rCorr   .          Rampage  .   l - +0 pair of gloves
Will    ++...                   S - +0 pair of boots of the Equator {rN+}
Stlth   ..........              b - amulet "Fuukyogg" {Acrobat Str+6}
HPRegen 0.27/turn               j - ring of willpower
MPRegen 0.23/turn               N - ring "Nurut" {rElec AC+4 Str+4 Dex-2}

@: flying, invisible
A: sickness immunity, AC +12, big wings, negative energy resistance 1,
electricity resistance, torment resistance 1, petrification resistance, mutation
resistance 1, weak 1
a: Renounce Religion, Heroism, Finesse, Duel


You were on level 12 of the Dungeon.
You worshipped Okawaru.
Okawaru was extremely pleased with you.
You visited 3 branches of the dungeon, and saw 19 of its levels.
You also visited: Sewer, Bailey and Gauntlet.

You collected 2201 gold pieces.
You spent 1513 gold pieces at shops.

Inventory:

Hand Weapons
 I - a +4 flail of protection (weapon)
Missiles
 a - 13 throwing nets
 f - 10 atropa-tipped darts
 i - 3 curare-tipped darts
 u - 23 javelins
 B - 43 poisoned darts
 H - 13 boomerangs (quivered)
 V - 4 datura-tipped darts
 Y - 4 silver javelins
Armour
 c - a +0 buckler (worn)
 e - the +4 ring mail "Diud" (worn) {MP+9 Str-2 Slay+6 SInv}
   (You found it on level 10 of the Dungeon)

   Str:       It affects your strength (-2).
   Slay:      It affects your accuracy & damage with ranged weapons and melee
   (+6).
   MP:        It affects your magic capacity (+9).
   SInv:      It lets you see invisible.
 k - an orb of light
 l - a +0 pair of gloves (worn)
 S - the +0 pair of boots of the Equator (worn) {rN+}
   (You found it in a Gauntlet)

   rN:        It protects you from negative energy.
 T - a +0 helmet (worn)
 Z - a scarf of resistance (worn)
Jewellery
 b - the amulet "Fuukyogg" (around neck) {Acrobat Str+6}
   (You found it in a bailey)

   [amulet of the acrobat]

   It increases your evasion while moving and waiting.
   Str:       It affects your strength (+6).
 j - a ring of willpower (left hand)
 N - the ring "Nurut" (right hand) {rElec AC+4 Str+4 Dex-2}
   (You took it off Harold on level 9 of the Dungeon)

   [ring of protection]

   AC:        It affects your AC (+4).
   Str:       It affects your strength (+4).
   Dex:       It affects your dexterity (-2).
   rElec:     It insulates you from electricity.
 W - a ring of resist corrosion
Wands
 d - a wand of paralysis (21)
 o - a wand of iceblast (19)
 E - a wand of polymorph (7)
 J - a wand of mindburst (8)
 O - a wand of flame (12)
Scrolls
 n - 12 scrolls of teleportation
 p - 7 scrolls of poison
 q - 2 scrolls of blinking
 r - 8 scrolls of fear
 s - a scroll of identify
 t - 8 scrolls of enchant weapon
 x - 6 scrolls of brand weapon
 y - 2 scrolls of amnesia
 C - 3 scrolls of vulnerability
 F - 2 scrolls of summoning
 G - 3 scrolls of butterflies
 K - 4 scrolls of magic mapping
 P - a scroll of torment
 X - 4 scrolls of enchant armour
Potions
 g - 7 potions of brilliance
 h - 5 potions of curing
 m - 4 potions of resistance
 w - 4 potions of magic
 z - 2 potions of invisibility
 A - a potion of haste
 D - 6 potions of attraction
 M - 2 potions of lignification
 U - 3 potions of might
Miscellaneous
 v - a phial of floods
 L - a box of beasts
 Q - a tin of tremorstones (2/2)


   Skills:
 + Level 12.3 Fighting
 * Level 15.3 Maces & Flails
 + Level 9.8 Throwing
 - Level 9.0 Armour
 + Level 5.0 Dodging
 + Level 10.4 Shields
 + Level 9.6 Invocations
 + Level 6.6 Evocations


You had 15 spell levels left.
You didn't know any spells.
Your spell library contained the following spells:

 Spells                   Type           Power      Damage    Failure   Level
 Foxfire                  Conj/Fire      0%         2x1d4     52%         1
 Magic Dart               Conj           0%         1d3       52%         1
 Shock                    Conj/Air       0%         1d3       52%         1
 Blink                    Tloc           0%         N/A       67%         2
 Static Discharge         Conj/Air       0%         3-3/arc   67%         2
 Wereblood                Tmut           0%         N/A       67%         2
 Confusing Touch          Hex            0%         N/A       88%         3
 Conjure Flame            Conj/Fire      0%         6-21      88%         3
 Ignite Poison            Fire/Tmut/Pois 0%         N/A       88%         3
 Inner Flame              Hex/Fire       0%         N/A       88%         3
 Lesser Beckoning         Tloc           0%         N/A       88%         3
 Mephitic Cloud           Conj/Pois/Air  0%         N/A       88%         3
 Swiftness                Air            0%         N/A       88%         3
 Airstrike                Air            0%         2d(0-16)  99%         4
 Cause Fear               Hex            0%         N/A       99%         4
 Dispel Undead            Necr           0%         3d6       99%         4
 Flame Wave               Conj/Fire      0%         2d4       99%         4
 Leda's Liquefaction      Hex/Erth       0%         N/A       99%         4
 Sticky Flame             Conj/Fire      0%         2d3       99%         4
 Freezing Cloud           Conj/Ice/Air   0%         6-21      100%        5
 Lee's Rapid Deconstruct  Erth           0%         3d5*      100%        5
 Lightning Bolt           Conj/Air       0%         1d11      100%        5
 Manifold Assault         Tloc           0%         N/A       100%        5
 Yara's Violent Unravell  Hex/Tmut       0%         3d3       100%        5
 Enfeeble                 Hex            0%         N/A       100%        7
 Discord                  Hex            0%         N/A       100%        8
 Summon Small Mammal      Summ           Unusable   N/A       N/A         1
 Call Imp                 Summ           Unusable   N/A       N/A         2
 Sublimation of Blood     Necr           Unusable   N/A       N/A         2
 Call Canine Familiar     Summ           Unusable   N/A       N/A         3
 Summon Guardian Golem    Hex/Summ       Unusable   N/A       N/A         3
 Summon Lightning Spire   Summ/Air       Unusable   N/A       N/A         4
 Statue Form              Tmut/Erth      Unusable   N/A       N/A         6
 Summon Hydra             Summ           Unusable   N/A       N/A         7

Dungeon Overview and Level Annotations

Branches:
Dungeon (13/15)            Temple (1/1) D:5            Lair (5/5) D:10
  Swamp (0/4) Lair:3        Snake (0/4) Lair:3        Slime (0/5) Lair:4
    Orc (0/2) D:11          Sewer (visited)          Bailey (visited)
Gauntlet (visited)
 Vaults: D:13-14

Altars:
Ashenzari
Cheibriados
Dithmenos
Elyvilon
Fedhas
Gozag
Hepliaklqana
Kikubaaqudgha
Makhleb
Nemelex Xobeh
Okawaru
Qazlal
Ru
Sif Muna
Trog
Uskayaw
Vehumet
Wu Jian
Xom
Yredelemnul
Zin
The Shining One

Shops:
D:8 (   D:11 (


Innate Abilities, Weirdness & Mutations

You are immune to sickness and miasma.
Your stone body is resilient. (AC +12)
You are immune to poison.
Your large and strong wings let you fly.
You resist negative energy. (rN+)
You are resistant to electric shocks. (rElec)
You are resistant to unholy torment.
You are immune to petrification.
You are somewhat resistant to further mutation.
You are weak. (Str -2)


Message History

The meliai hits you but does no damage. The meliai completely misses you.
The meliai calls down the wrath of its god upon you.
Something smites you!
* * * LOW HITPOINT WARNING * * *
The meliai hits you with a +0 hand axe.
* * * LOW HITPOINT WARNING * * *
The meliai stings you.
* * * LOW HITPOINT WARNING * * *
The meliai hits you but does no damage. You block the meliai's attack.
You fly upwards.
There is a stone staircase leading down here.
Unknown command.
Unknown command.
Unknown command.
You feel better. The meliai hits you but does no damage.
The meliai stings you but does no damage.
The meliai hits you but does no damage.
The meliai stings you but does no damage.
The meliai mumbles some strange prayers to its god against you.
Something smites you!
* * * LOW HITPOINT WARNING * * *
The meliai closely misses you. The meliai stings you.
* * * LOW HITPOINT WARNING * * *
Unknown command.
Unknown command.
You fade into invisibility!
The meliai hits you but does no damage. You block the meliai's attack.
The meliai hits you but does no damage. The meliai closely misses you.
The meliai misses you.
The meliai stings you but does no damage.
The meliai closely misses you.
The meliai stings you but does no damage.
Unknown command.
Unknown command.
Blink to where?
Press: ? - help, Dir - move target
As you read the scroll of blinking, it crumbles to dust.
The meliai invokes the aid of its god against you.
Something smites you!
You die...

############### ##########
##.........[y..# #........#
#......##...y..# #........###
.......##......###..........#####
##...............................
##......######.............######
.................#........### ###
##....#.....................###..
##....##########@###...#....[##.#
#......##...## #.#...#.#..)......
.............###....##.#.......#.
...................###.#^.....###
.#............####..##.#.........
.)[....................#........#
.>##########...........)))...####
...#########........##.∩.#...###.
[#.##†.)..#####...#.#............


You could see 2 meliai.

Vanquished Creatures
  Gastronok (D:8)
  An apis (D:12)
  A minotaur (Gauntlet)
  Snorg (D:12)
  2 boulder beetles
  7 hydras
  Harold (D:9)
  2 catoblepae
  2 two-headed ogres
  A merfolk avatar (Lair:5)
  A death knight (D:12)
  5 skeletal warriors
  Nergalle (D:11)
  A wizard (Gauntlet)
  2 bog bodies (Lair:3)
  4 harpies (Lair:5)
  A necromancer (D:12)
  A lindwurm (Lair:4)
  3 manticores
  3 ugly things
  A cyclops (D:10)
  15 elephants
  A centaur zombie (D:12)
  7 black mambas
  Maurice (D:8)
  10 cane toads
  A gargoyle (D:11)
  A centaur skeleton (D:12)
  5 large abominations (D:9)
  A torpor snail (Lair:5)
  A rime drake (Lair:4)
  4 kobold demonologists (D:12)
  8 komodo dragons
  A meliai (D:13)
  5 trolls
  3 polar bears
  A tyrant leech (Gauntlet)
  2 wind drakes
  2 hornets
  4 blink frogs (Lair:1)
  15 dream sheep
  A snapping turtle (Lair:5)
  3 meliai zombies (D:12)
  4 shadows (D:11)
  4 wyverns
  41 yaks
  Grum (D:9)
  2 vampires
  2 wraiths
  5 basilisks
  3 steam dragons
  7 small abominations (D:9)
  6 vampire mosquitoes
  2 chaos spawn (Gauntlet)
  A neqoxec (Gauntlet)
  Menkaure (D:6)
  3 acid dragons
  4 swamp worms (Gauntlet)
  5 nagas (Lair:3)
  14 water moccasins
  Pargi (Sewer)
  4 ice beasts
  4 orc warriors
  2 black bears
  A sky beast (D:7)
  18 wolves
  5 boggarts
  3 ogres
  The ghost of nawrastar the Magician, an amateur DjFE (D:3)
  10 centaurs
  2 phantoms (D:5)
  5 kobold brigands
  12 bullfrogs
  9 gnoll sergeants
  3 necrophages
  A scorpion (D:6)
  4 wights (D:8)
  2 troll zombies (D:11)
  4 killer bees (D:8)
  6 howler monkeys
  4 electric eels (D:10)
  5 jellies
  11 gnoll boudas
  11 hounds
  7 orc priests
  Jessica (D:2)
  4 iguanas
  Natasha (thrice) (D:4)
  14 orc wizards
  4 ogre zombies (D:11)
  36 gnolls
  11 adders
  3 shadow imps
  3 white imps
  An ufetubus (D:5)
  3 dart slugs
  30 orcs
  10 ball pythons
  2 bats
  10 endoplasms
  7 giant cockroaches
  7 goblins
  10 hobgoblins
  7 jackals
  6 quokkas
  9 frilled lizards
  3 goblin zombies (D:11)
  A hobgoblin skeleton (D:11)
  22 kobolds
  An orc skeleton (D:11)
  14 orc zombies (D:11)
  8 rats
604 creatures vanquished.

Vanquished Creatures (others)
  A wizard (D:9)
  A hound (D:10)
  A bush (Lair:5)
  26 fungi
  73 plants
102 creatures vanquished.

Grand Total: 706 creatures vanquished

Notes
Turn   | Place    | Note
-------+----------+-------------------------------------------
     0 | D:1      | Ordine the Gargoyle Fighter began the quest for the Orb.
     0 | D:1      | Reached XP level 1. HP: 14/14 MP: 1/1
   112 | D:1      | Reached XP level 2. HP: 19/19 MP: 2/2
   252 | D:1      | Found a faded altar of an unknown god.
   762 | D:1      | Reached XP level 3. HP: 22/23 MP: 3/3
  1332 | D:2      | Reached skill level 3 in Maces & Flails
  1332 | D:2      | Reached skill level 1 in Throwing
  1647 | D:2      | Reached XP level 4. HP: 29/29 MP: 4/4
  1875 | D:2      | Noticed Jessica
  1882 | D:2      | Killed Jessica
  2038 | D:3      | Found a runed translucent door.
  2046 | D:3      | Noticed nawrastar's ghost (amateur DjFE)
  2290 | D:3      | Reached XP level 5. HP: 31/33 MP: 5/5
  2439 | D:3      | Found a glowing drain.
  2476 | Sewer    | Entered a sewer
  2579 | Sewer    | Noticed Pargi
  2602 | Sewer    | Killed Pargi
  2603 | Sewer    | Reached skill level 4 in Maces & Flails
  2603 | Sewer    | Reached XP level 6. HP: 24/39 MP: 6/6
  2936 | D:3      | Found Natzyhui's Magic Scroll Shoppe.
  2941 | D:3      | Bought a scroll of noise for 14 gold pieces
  2946 | D:3      | Bought a scroll of poison for 56 gold pieces
  2946 | D:3      | Bought a scroll of brand weapon for 133 gold pieces
  2946 | D:3      | Bought a scroll of identify for 28 gold pieces
  2946 | D:3      | Bought a scroll of identify for 28 gold pieces
  3304 | D:3      | Killed nawrastar's ghost
  3420 | D:4      | Reached skill level 5 in Maces & Flails
  3797 | D:4      | Noticed a black bear
  3810 | D:4      | Killed a black bear
  3811 | D:4      | Reached skill level 5 in Fighting
  3811 | D:4      | Reached XP level 7. HP: 31/44 MP: 7/7
  4027 | D:4      | Noticed Natasha
  4031 | D:4      | Killed Natasha
  4094 | D:4      | Found a glowing silver altar of Zin.
  4094 | D:4      | Found a hazy altar of Hepliaklqana.
  4094 | D:4      | Found a sacrificial altar of Ru.
  4094 | D:4      | Found a blossoming altar of Fedhas.
  4297 | D:4      | Reached skill level 6 in Maces & Flails
  4964 | D:4      | Noticed Natasha
  4970 | D:4      | Killed Natasha
  4971 | D:4      | Reached XP level 8. HP: 40/51 MP: 8/8
  5067 | D:4      | Noticed Natasha
  5073 | D:4      | Killed Natasha
  5096 | D:5      | Entered Level 5 of the Dungeon
  5551 | D:5      | Reached skill level 7 in Maces & Flails
  5590 | D:5      | Found a staircase to the Ecumenical Temple.
  5599 | Temple   | Entered the Ecumenical Temple
  5791 | Temple   | Became a worshipper of Warmaster Okawaru
  6235 | D:5      | Reached XP level 9. HP: 36/56 MP: 9/9
  6237 | D:5      | Reached skill level 8 in Maces & Flails
  6701 | D:6      | Reached skill level 5 in Throwing
  7284 | D:6      | Reached * piety under Okawaru
  7297 | D:6      | Reached skill level 9 in Maces & Flails
  7702 | D:6      | Noticed Menkaure
  7710 | D:6      | Killed Menkaure
  8061 | D:6      | Reached ** piety under Okawaru
  8062 | D:6      | Reached skill level 1 in Invocations
  8062 | D:6      | Reached XP level 10. HP: 56/64 MP: 10/10
  8267 | D:7      | Found a radiant altar of Vehumet.
  8306 | D:7      | Found a flagged portal.
  8331 | Bailey   | Entered a bailey
  8345 | Bailey   | Reached skill level 10 in Maces & Flails
  9174 | Bailey   | Identified the +5 trident of Big Damage {spect, Fly rF+
                  | rN++ Int-4}
  9768 | Bailey   | Reached *** piety under Okawaru
  9769 | Bailey   | Reached skill level 5 in Shields
 10133 | Bailey   | Identified the amulet "Fuukyogg" {Acrobat Str+6}
 10294 | D:7      | Identified the +1 ring mail of the Fiddle {rElec rF+ Int+2}
 10642 | D:3      | Bought a scroll of teleportation for 42 gold pieces
 10642 | D:3      | Bought a scroll of identify for 28 gold pieces
 10642 | D:3      | Bought a scroll of teleportation for 42 gold pieces
 10642 | D:3      | Bought a scroll of blinking for 105 gold pieces
 10642 | D:3      | Bought a scroll of fear for 56 gold pieces
 10939 | D:8      | Noticed Maurice
 10953 | D:8      | Reached skill level 5 in Armour
 10980 | D:8      | Killed Maurice
 10980 | D:8      | Received a gift from Okawaru
 10980 | D:8      | Reached **** piety under Okawaru
 11042 | D:8      | Found a bloodstained altar of Trog.
 11067 | D:8      | Reached XP level 11. HP: 69/69 MP: 13/13
 11179 | D:8      | Found a shadowy altar of Dithmenos.
 11202 | D:8      | Found Wuompel's Weapon Boutique.
 11240 | D:8      | Noticed Gastronok
 11261 | D:8      | Killed Gastronok
 11262 | D:8      | Reached skill level 11 in Maces & Flails
 11427 | D:9      | Noticed a two-headed ogre
 11911 | D:9      | Reached ***** piety under Okawaru
 12025 | D:9      | Identified the +0 chain mail of Maqont {+Inv rPois Int+5
                  | Dex-3}
 12075 | D:9      | Killed a two-headed ogre
 12075 | D:9      | Received a gift from Okawaru
 12155 | D:9      | Noticed a brown ugly thing
 12168 | D:9      | Killed a brown ugly thing
 12169 | D:9      | Reached skill level 1 in Evocations
 12179 | D:9      | Reached skill level 5 in Invocations
 12204 | D:9      | Noticed Grum
 12205 | D:9      | Received a gift from Okawaru
 12217 | D:9      | Killed Grum
 12232 | D:9      | Identified the ring "Nurut" {rElec AC+4 Str+4 Dex-2}
 12232 | D:9      | Noticed Harold
 12242 | D:9      | Killed Harold
 12364 | D:9      | Found a hide-covered altar of Uskayaw.
 12502 | D:9      | Noticed a large abomination
 12513 | D:9      | Killed a large abomination
 12514 | D:9      | Reached skill level 12 in Maces & Flails
 12514 | D:9      | Reached XP level 12. HP: 38/77 MP: 16/16
 12727 | D:9      | Noticed a five-headed hydra
 12740 | D:9      | Killed a five-headed hydra
 12740 | D:9      | Received a gift from Okawaru
 12927 | D:9      | Noticed a large abomination
 12941 | D:9      | Killed a large abomination
 12942 | D:9      | Reached skill level 10 in Fighting
 12965 | D:9      | Paralysed by a kobold for 5 turns
 13141 | D:10     | Entered Level 10 of the Dungeon
 13242 | D:10     | Identified the +4 ring mail "Diud" {MP+9 Str-2 Slay+6 SInv}
 13314 | D:10     | Received a gift from Okawaru
 13467 | D:10     | Received a gift from Okawaru
 13591 | D:10     | Found a staircase to the Lair.
 14185 | D:11     | Noticed Nergalle
 14196 | D:11     | Killed Nergalle
 14327 | D:11     | Found a staircase to the Orcish Mines.
 14958 | D:11     | Received a gift from Okawaru
 15128 | D:11     | Found Zeskatu's Antique Weapon Shop.
 15209 | D:12     | Noticed an eight-headed hydra
 15258 | D:11     | Killed an eight-headed hydra
 15258 | D:11     | Received a gift from Okawaru
 15414 | D:12     | Reached XP level 13. HP: 74/83 MP: 18/18
 15440 | D:12     | Reached skill level 1 in Dodging
 15441 | D:12     | Received a gift from Okawaru
 15446 | D:12     | Reached skill level 13 in Maces & Flails
 15530 | D:12     | Received a gift from Okawaru
 15751 | D:12     | Noticed an apis
 15915 | D:12     | Found Wivo's Magic Scroll Shoppe.
 15931 | D:12     | Bought 3 scrolls of enchant weapon for 337 gold pieces
 15931 | D:12     | Bought a scroll of identify for 30 gold pieces
 15931 | D:12     | Bought a scroll of enchant armour for 112 gold pieces
 15931 | D:12     | Bought a scroll of teleportation for 45 gold pieces
 15931 | D:12     | Bought 3 scrolls of magic mapping for 337 gold pieces
 15931 | D:12     | Bought a scroll of poison for 60 gold pieces
 15931 | D:12     | Bought a scroll of vulnerability for 60 gold pieces
 15953 | D:12     | Received a gift from Okawaru
 16058 | D:12     | Noticed Snorg
 16074 | D:12     | Killed Snorg
 16568 | D:12     | Noticed an apis
 16590 | D:12     | Found a glowing golden altar of the Shining One.
 16602 | D:12     | Killed an apis
 16763 | Lair:1   | Entered Level 1 of the Lair of Beasts
 17150 | Lair:1   | Received a gift from Okawaru
 17460 | Lair:1   | Received a gift from Okawaru
 17669 | Lair:1   | Received a gift from Okawaru
 18400 | Lair:2   | Reached ****** piety under Okawaru
 19081 | Lair:2   | Gained mutation: Your large and strong wings let you fly.
                  | [Gargoyle growth]
 19081 | Lair:2   | Reached XP level 14. HP: 70/90 MP: 19/19
 19096 | Lair:2   | Reached skill level 5 in Evocations
 19492 | Lair:3   | Received a gift from Okawaru
 19504 | Lair:3   | Found a gate leading to a gauntlet.
 19515 | Gauntlet | Entered a Gauntlet
 19515 | Gauntlet | Found a transporter.
 19515 | Gauntlet | Found a transporter.
 19529 | Gauntlet | Found a transporter.
 19547 | Gauntlet | Found a transporter.
 19547 | Gauntlet | Found a transporter.
 19547 | Gauntlet | Found a transporter.
 19550 | Gauntlet | Found a transporter.
 19550 | Gauntlet | Found a transporter.
 19551 | Gauntlet | Noticed a dire elephant
 19562 | Gauntlet | Found a transporter.
 19577 | Gauntlet | Found the +9 sword of Zonguldrok {reap}
 19579 | Gauntlet | Found a transporter.
 19583 | Gauntlet | Found a runed translucent door.
 19590 | Gauntlet | Found a transporter.
 19607 | Gauntlet | Found a transporter.
 19626 | Gauntlet | Found a transporter.
 19633 | Gauntlet | Found a runed translucent gate.
 19633 | Gauntlet | Found a runed translucent gate.
 19633 | Gauntlet | Found a runed translucent gate.
 19639 | Gauntlet | Found a transporter.
 19681 | Gauntlet | Gained mutation: You have hidden genetic defects. [a
                  | neqoxec]
 19683 | Gauntlet | Gained mutation: You are clumsy. (Dex -2) [a neqoxec]
 19690 | Gauntlet | Lost mutation: You have hidden genetic defects. [potion of
                  | mutation]
 19690 | Gauntlet | Lost mutation: You are clumsy. (Dex -2) [potion of
                  | mutation]
 19690 | Gauntlet | Gained mutation: You have a somewhat thin skeletal
                  | structure. (Dex +2, Stealth+) [potion of mutation]
 19690 | Gauntlet | Gained mutation: You are frail. (-10% HP) [potion of
                  | mutation]
 19690 | Gauntlet | Gained mutation: You have an increased reservoir of magic.
                  | (+10% MP) [potion of mutation]
 19691 | Gauntlet | Lost mutation: You have a somewhat thin skeletal structure.
                  | (Dex +2, Stealth+) [potion of mutation]
 19691 | Gauntlet | Lost mutation: You have an increased reservoir of magic.
                  | (+10% MP) [potion of mutation]
 19691 | Gauntlet | Gained mutation: You have hidden genetic defects. [potion
                  | of mutation]
 19691 | Gauntlet | Gained mutation: You are partially covered in iridescent
                  | scales. (AC +2) [potion of mutation]
 19691 | Gauntlet | Lost mutation: You have hidden genetic defects. [potion of
                  | mutation]
 19692 | Gauntlet | Lost mutation: You are partially covered in iridescent
                  | scales. (AC +2) [potion of mutation]
 19692 | Gauntlet | Lost mutation: You are frail. (-10% HP) [potion of
                  | mutation]
 19692 | Gauntlet | Gained mutation: You are weak. (Str -2) [potion of
                  | mutation]
 19692 | Gauntlet | Gained mutation: You are somewhat resistant to further
                  | mutation. [potion of mutation]
 20054 | Gauntlet | Identified the -1 pair of boots of Ignis, Teaching {Regen+}
 20109 | Gauntlet | Identified the +0 pair of boots of the Equator {rN+}
 20191 | Lair:3   | Received a gift from Okawaru
 20208 | Lair:3   | Reached skill level 14 in Maces & Flails
 20342 | Lair:3   | Found a staircase to the Snake Pit.
 20365 | Lair:3   | Identified the +7 plate armour of the Big Bang {rPois rF+
                  | Str+4 Stlth+} (Okawaru gifted it to you on level 3 of the
                  | Lair of Beasts)
 20365 | Lair:3   | Received a gift from Okawaru
 20462 | Lair:3   | Found a shimmering blue altar of Sif Muna.
 20531 | Lair:3   | Found a staircase to the Swamp.
 21139 | Lair:4   | Found a staircase to the Slime Pits.
 21866 | Lair:5   | Entered Level 5 of the Lair of Beasts
 21903 | Lair:5   | Reached XP level 15. HP: 96/96 MP: 21/21
 22083 | Lair:4   | HP: 4/96 [yak (5)]
 22979 | Lair:5   | Reached skill level 10 in Shields
 23002 | Lair:5   | Found the +7 captain's cutlass {speed, disarm}
 23036 | Lair:5   | Identified the +3 hand axe of Gluttony {vorpal, rPois}
 23118 | Lair:5   | Received a gift from Okawaru
 23119 | Lair:5   | Reached skill level 15 in Maces & Flails
 23714 | Lair:5   | Received a gift from Okawaru
 23940 | Lair:5   | Reached XP level 16. HP: 81/101 MP: 23/23
 24563 | D:12     | Reached skill level 5 in Dodging
 24843 | D:12     | HP: 3/102 [meliai/divine providence (11)]
 24845 | D:12     | Killed from afar by a meliai

Illustrated notes

Levels and vault maps discovered:
D:1:      sevenhm_arrival_forest_fort_large_4, layout_rooms,
          basic_ecumenical_altar, hangedman_glass_teeth, minmay_pentomino_v4
D:2:      minmay_inner_zag, layout_loops_ring, uniq_jessica
D:3:      layout_basic, serial_shops, shop, ebering_ghost_reflecting_pool,
          gup_sewer_entry_glass
D:4:      layout_basic, grunt_temple_overflow_cloverleaf, hex_medium,
          minmay_crystal_water, grunt_decor_fettered, kennysheep_generic_room_8,
          uniq_natasha
D:5:      layout_rooms, minmay_temple_entry_statues_pillars
D:6:      layout_loops_corners, serial_park_tiny_1, grunt_ministairs_7,
          uniq_menkaure
D:7:      layout_cave_pools, lemuel_crystal_altar, enter_bailey_3
D:8:      layout_rooms, mainiacjoe_overflow_alcove_1, overflow_temple_1_default,
          serial_shops, nicolae_shop_bloodbath_and_beyond, uniq_maurice,
          uniq_gastronok
D:9:      minmay_the_grid_net [minmay_the_grid_slots,
          minmay_the_grid_outer_circle, minmay_the_grid_rooms,
          minmay_the_grid_minigrid_medium, minmay_the_grid_minigrid_small_alt,
          minmay_the_grid_prize_diamond_cup], layout_irregular_city,
          nicolae_uskayaw_dance_studio, laboratory, uniq_grum, uniq_harold
D:10:     layout_irregular_city, erik_lair_island
D:11:     layout_loops_corners, zombieorc1_lemuel, serial_shops,
          nicolae_shop_stone, minmay_misc_feat_diagonals, uniq_nergalle
D:12:     dreamdust_under_siege, layout_rooms, serial_shops, nicolae_shop_stone,
          evilmike_butchery, uniq_snorg
D:13:     layout_long_grid, serial_shops, nicolae_shop_advertising_works
          [nicolae_subvault_shop_adworks]
Temple:   nicolae_temple_bog_church
Lair:1:   layout_regular_city
Lair:2:   layout_cave_pods, lemuel_fruit_tree, serial_bayou_shore_b
Lair:3:   layout_big_grid, skrybe_swamp_entry_bodies,
          minmay_snake_entry_guardpost_medium, gauntlet_entry_generic,
          basic_altar, pond
Lair:4:   layout_roguey, slime_entry_1, kennysheep_catoblepas_arena
Lair:5:   gammafunk_lair_ancient_temple, layout_gridlike, minivault_11,
          kilobyte_rumbling_trees

Skill      XL: |  1  2  3  4  5  6  7  8  9 10 11 12 13 14 15 16 |
---------------+-------------------------------------------------+-----
Maces & Flails | 3 4 5 6 7 9 10 12 13 14 15 | 15.3
Throwing       | 1 2 3 4 5 6 7 8 9 |  9.8
Fighting       | 4 5 6 8 9 10 11 12 | 12.3
Shields        | 4 5 7 8 9 10 | 10.4
Invocations    | 1 3 5 6 7 8 9 |  9.6
Armour         | 5 6 7 8 9 |  9.0
Evocations     | 2 3 4 5 6 |  6.6
Dodging        | 3 4 5 |  5.0

Action                   |  1- 3 |  4- 6 |  7- 9 | 10-12 | 13-15 | 16-18 || total
-------------------------+-------+-------+-------+-------+-------+-------++-------
Melee: Flail             |   113 |   150 |   334 |   930 |   894 |    91 ||  2512
Throw: Stone             |       |     5 |     6 |     3 |       |       ||    14
       Dart              |       |     1 |       |     5 |       |       ||     6
       Boomerang         |       |       |       |    13 |    15 |       ||    28
Invok: Heroism           |       |       |       |    10 |     9 |     1 ||    20
       Finesse           |       |       |       |     1 |     4 |     1 ||     6
  Use: Scroll            |     3 |     3 |     6 |     5 |     9 |     1 ||    27
       Potion            |       |     2 |     2 |     8 |     6 |     2 ||    20
 Stab: Invisible         |       |       |       |       |     2 |       ||     2
       Petrified         |       |       |       |       |     1 |       ||     1
Armor: Scale mail        |    59 |   143 |   154 |   182 |       |       ||   538
       Troll leather arm |       |       |       |   265 |       |       ||   265
       Ring mail         |       |       |       |   135 |   579 |    59 ||   773
       Crystal plate arm |       |       |       |    19 |       |       ||    19
Dodge: Dodged            |    41 |   120 |   139 |   578 |   590 |    65 ||  1533
Block: Buckler           |    14 |       |    13 |   251 |   274 |    32 ||   584
